Map: Wolfe Industries Compound

Players

JohnMcClane - Winner!

  • Race: Protoss Protoss
  • League: Gold
  • Spawn Location: 3:00

Hindulaatti - Winner!

  • Race: Terran Terran
  • Spawn Location: 12:00

FloPP

  • Race: Terran Terran
  • Spawn Location: 7:00

hydro

  • Race: Zerg Zerg
  • Spawn Location: 7:00

VOD

Have the link to the VOD?

Description

Time

  • Played on: Feb. 4, 2016, 1:33 p.m.
  • Length: 18:32
Show
View Real Time Build Order
Export as new Build Order

JohnMcClane Protoss - Winner!

Build Orders: 1 Gate Expand 

Get SALT Encoding   

  12  0:01  Probe (Chrono Boost)  
  13  0:11  Probe (Chrono Boost)  
  14  0:18  Pylon  
  14  0:22  Probe (Chrono Boost)  
  15  0:37  Gateway  
  15  0:39  Probe (Chrono Boost)  
  16  0:48  Assimilator  
  17  0:50  Probe (Chrono Boost)  
  17  1:00  Probe (Chrono Boost)  
  18  1:11  Probe (Chrono Boost)  
  19  1:27  Nexus  
  19  1:32  Pylon  
  19  1:41  Cybernetics Core  
  19  1:45  Probe (Chrono Boost)  
  20  1:56  Probe (Chrono Boost)  
  21  2:06  Probe (Chrono Boost)  
  22  2:09  Pylon  
  22  2:18  Warp Gate (Chrono Boost)  
  22  2:19  Probe (Chrono Boost)  
  23  2:23  Assimilator  
  23  2:30  Probe (Chrono Boost)  
  23  2:35  Gateway  
  24  2:41  Probe (Chrono Boost)  
  25  2:51  Robotics Facility  
  25  2:52  Mothership Core, Probe  
  28  3:01  Adept  
  28  3:05  Probe  
  30  3:11  Pylon  
  31  3:13  Probe  
  31  3:17  Probe  
  33  3:26  Probe  
  34  3:30  Forge  
  34  3:33  Probe, Gateway  
  27  3:59  Probe  
  27  4:00  Probe  
  27  4:09  Probe, Photon Cannon  
  27  4:12  Probe, Photon Cannon  
  27  4:15  Observer (Chrono Boost)  
  30  4:20  Probe, Protoss Ground Weapons Level 1 (Chrono Boost)  
  31  4:24  Probe  
  31  4:31  Probe  
  32  4:37  Probe  
  34  4:40  Assimilator  
  34  4:43  Observer (Chrono Boost), Probe  
  36  4:48  Sentry  
  36  4:49  Pylon, Probe  
  39  4:57  Pylon  
  39  4:58  Gateway  
  39  5:13  Probe  
  39  5:14  Warp Prism (Chrono Boost)  
  40  5:32  Stalker x3  
  40  5:35  Probe x2  
  46  5:45  Pylon  
  46  5:54  Protoss Ground Armor Level 1  
  46  6:00  Stalker  
  46  6:01  Stalker x3  
  54  6:24  Zealot x3  
  54  6:25  Zealot  
  62  6:27  Probe (Chrono Boost)  
  63  6:47  Nexus  
  63  6:49  Pylon  
  55  6:57  Photon Cannon  
  55  7:00  Assimilator  
  55  7:05  Assimilator  
  55  7:11  Twilight Council  
  55  7:14  Gateway  
  55  7:18  Pylon, Gateway  
  55  7:33  Stalker x4  
  61  7:39  Photon Cannon  
  61  7:42  Photon Cannon  
  61  7:51  Blink (Chrono Boost)  
  61  8:00  Nexus  
  61  8:05  Protoss Ground Armor Level 2  
  61  8:15  Warp Prism  
  63  8:21  Stalker x4  
  67  8:58  Stalker x2  
  67  8:59  Stalker x4  
  79  9:09  Probe  
  80  9:12  Probe  
  80  9:14  Probe  
  80  9:16  Photon Cannon  
  82  9:21  Zealot x2  
  82  9:22  Zealot  
  82  9:23  Zealot  
  90  9:46  Stalker x5  
  94  10:06  Templar Archives  
  90  10:09  Forge  
  90  10:10  Pylon  
  90  10:13  Pylon  
  90  10:14  Protoss Ground Weapons Level 2 (Chrono Boost)  
  90  10:28  Assimilator  
  90  10:31  Pylon  
  90  10:45  Nexus  
  90  10:46  Pylon  
  90  10:48  Pylon  
  90  10:57  Stalker x3  
  96  11:05  High Templar x2  
  100  11:16  Photon Cannon  
  100  11:20  Archon  
  100  11:29  High Templar x4  
  100  11:32  Probe x3  
  111  11:44  Probe x2  
  113  11:50  Probe  
  114  11:56  Probe x2  
  116  12:02  Psionic Storm  
  116  12:08  Probe  
  116  12:09  Probe x2  
  116  12:10  Probe  
  116  12:12  High Templar  
  116  12:13  High Templar  
  124  12:16  Archon  
  124  12:19  Archon  
  124  12:30  Stalker x2  
  124  12:31  Stalker x2  
  131  13:01  Pylon  
  131  13:02  Pylon  
  131  13:07  Pylon  
  131  13:09  Pylon  
  131  13:14  Photon Cannon  
  131  13:18  Pylon  
  131  13:19  Probe x3  
  132  13:20  Probe  
  132  13:24  Pylon  
  132  13:26  Pylon  
  135  13:28  Assimilator  
  135  13:32  Probe x2  
  137  13:35  Assimilator  
  137  13:36  High Templar x6  
  65  14:25  Stalker  
  65  14:26  Stalker x5  
  32  14:57  Zealot  
  32  14:58  Zealot x5  
  31  15:18  High Templar x4  
  37  15:24  Archon  
  37  15:25  Archon  
  37  15:27  Zealot x2  
  37  15:54  Nexus  
  37  16:01  High Templar x2  
  37  16:02  High Templar x2  
  45  16:04  Stalker x2  
  49  16:12  Robotics Facility  
  49  16:49  Pylon  
  49  16:52  Gateway  
  49  16:53  Stalker x2  
  49  16:54  Stalker x4  
  57  17:00  Observer (Chrono Boost)  
  62  17:06  Probe  
  62  17:07  Probe  
  64  17:09  Gateway  
  64  17:10  Pylon  
  64  17:14  High Templar x2  
  64  17:15  High Templar  
  70  17:24  Observer (Chrono Boost)  
  71  17:39  High Templar  
  71  17:40  High Templar, Zealot  
  73  18:15  Probe  
  73  18:17  Probe  
Show
View Real Time Build Order
Export as new Build Order

Hindulaatti Terran - Winner!

Build Orders: Command Center First (CC) 

Get SALT Encoding   

  12  0:01  SCV  
  13  0:13  SCV  
  14  0:21  Supply Depot  
  14  0:25  SCV  
  15  0:42  SCV  
  16  0:54  SCV  
  17  1:04  Command Center  
  17  1:07  SCV  
  18  1:18  Barracks  
  18  1:19  SCV  
  18  1:24  Refinery  
  19  1:31  SCV  
  20  1:34  Supply Depot  
  20  1:43  SCV  
  21  1:55  SCV  
  22  2:06  Marine  
  22  2:07  Orbital Command  
  23  2:17  Orbital Command  
  23  2:20  Refinery  
  23  2:26  Barracks  
  23  2:30  Barracks Reactor  
  23  2:33  SCV  
  24  2:43  SCV  
  25  2:45  SCV  
  26  2:58  Factory  
  26  3:00  Barracks  
  26  3:04  SCV x2  
  28  3:07  Marine x2  
  30  3:14  Barracks Tech Lab  
  30  3:18  SCV x2  
  32  3:28  Marine x2  
  32  3:30  Supply Depot, SCV x2  
  36  3:38  Command Center  
  36  3:39  Stimpack  
  36  3:42  SCV x2  
  38  3:50  Barracks Reactor  
  38  3:53  Starport  
  38  3:54  Marine x3  
  38  3:55  SCV x2  
  43  3:57  Factory Reactor  
  43  4:09  SCV x2  
  45  4:16  Marauder, Marine x2  
  49  4:18  Barracks  
  49  4:20  Barracks  
  49  4:23  SCV x2  
  51  4:27  Refinery  
  51  4:30  Refinery  
  51  4:34  Engineering Bay  
  51  4:36  Engineering Bay  
  51  4:45  Medivac  
  53  4:48  Factory Reactor, SCV  
  53  4:49  Medivac, SCV  
  53  4:50  Orbital Command  
  57  4:57  Supply Depot  
  57  5:00  Supply Depot, SCV  
  57  5:05  Supply Depot  
  58  5:11  Terran Infantry Weapons Level 1  
  58  5:12  Terran Infantry Armor Level 1  
  58  5:13  Marine x4  
  62  5:26  Marine  
  63  5:31  Marine x4  
  63  5:32  Missile Turret  
  63  5:33  Missile Turret  
  65  5:36  Barracks Reactor x2  
  65  5:38  Widow Mine x2  
  69  5:44  Marine  
  69  5:48  Marine  
  69  5:49  Marine x3  
  66  6:08  Marine x2  
  66  6:09  Marauder, Marine x2  
  72  6:11  Medivac x2  
  72  6:17  Armory  
  76  6:19  Missile Turret  
  76  6:23  Missile Turret  
  76  6:25  Widow Mine  
  76  6:26  Marine x3  
  76  6:27  Marine  
  76  6:30  Marine  
  83  6:57  Orbital Command  
  83  7:03  Marauder, Widow Mine, Marine x4  
  83  7:04  Widow Mine  
  83  7:05  Marine x2  
  87  7:12  Medivac  
  87  7:20  Marine  
  88  7:26  SCV  
  88  7:27  SCV  
  88  7:28  Missile Turret  
  90  7:31  Missile Turret  
  90  7:48  Terran Infantry Weapons Level 2, SCV x3, Terran Infantry Armor Level 2  
  93  7:53  Supply Depot  
  93  7:54  Marine x3  
  93  7:56  Supply Depot  
  96  8:06  Marine x5  
  96  8:08  Marauder  
  85  8:31  Marine  
  85  8:32  Marine x8  
  85  8:33  Widow Mine x2  
  96  8:35  Medivac x2  
  96  8:36  SCV x3  
  89  8:49  Marine x5  
  89  8:53  Marine  
  89  8:54  Marine x3  
  87  9:02  Widow Mine x2  
  87  9:04  SCV x2  
  87  9:05  Refinery  
  87  9:06  Liberator, Refinery  
  87  9:07  Marine x4  
  87  9:09  Liberator  
  92  9:11  Refinery  
  92  9:16  SCV x3  
  94  9:17  Marine  
  94  9:18  Marine x2  
  100  9:28  SCV  
  104  9:45  Marauder, Marine x5  
  108  9:46  Marine x3  
  108  9:48  Widow Mine x2  
  118  9:56  Command Center  
  118  10:06  Marine  
  119  10:08  Marauder, Marine, Barracks  
  119  10:09  Marine  
  119  10:10  Marine x2, Barracks  
  125  10:15  Supply Depot  
  125  10:20  Supply Depot  
  125  10:22  Supply Depot  
  125  10:25  Marine x3  
  128  10:28  Liberator  
  128  10:32  Terran Infantry Weapons Level 3  
  128  10:38  Terran Infantry Armor Level 3  
  128  10:48  Medivac  
  128  10:49  SCV  
  133  11:25  Liberator  
  133  11:29  Marauder, Marine x5  
  133  11:30  Barracks Tech Lab  
  133  11:31  Barracks Tech Lab  
  139  11:33  Barracks  
  139  11:37  Barracks  
  139  11:39  SCV x3  
  142  11:40  Orbital Command, Supply Depot x2  
  142  11:42  Medivac  
  142  11:43  Widow Mine x2  
  151  11:48  Terran Vehicle Weapons Level 1  
  151  11:50  Marauder  
  151  11:51  Supply Depot  
  151  11:52  Combat Shields  
  153  11:55  Concussive Shells  
  152  12:08  Liberator, Orbital Command  
  152  12:12  Marauder  
  152  12:13  Medivac  
  156  12:16  Marauder x2  
  156  12:17  Marine  
  161  12:24  Missile Turret x2  
  163  12:33  Marauder  
  165  12:37  Marauder  
  165  12:38  Marauder, SCV x2  
  165  12:39  SCV x2  
  173  12:49  Medivac, Widow Mine  
  173  12:50  Widow Mine, SCV  
  173  12:51  Liberator, Marine x5  
  182  12:54  Marauder  
  187  13:00  Supply Depot  
  187  13:01  Supply Depot  
  187  13:02  Supply Depot  
  187  13:03  Barracks Tech Lab  
  187  13:04  Barracks Tech Lab  
  190  13:18  SCV x4  
  194  13:30  SCV x2  
  194  13:32  Missile Turret  
  196  13:34  Command Center  
  196  13:37  Liberator  
  170  13:52  Marauder  
  170  13:53  Marauder x4, Marine  
  170  13:54  Medivac, Marine x7  
  172  14:11  Marine  
  172  14:14  Marauder x5  
  172  14:15  Marine  
  172  14:16  Marine x6  
  180  14:17  Widow Mine  
  180  14:20  Liberator  
  163  14:24  Medivac  
  163  14:29  Marine  
  166  14:33  Marine x2  
  166  14:34  Refinery, Marine x5  
  166  14:35  Marine  
  171  14:46  Marine  
  171  14:47  Marauder  
  171  14:48  Marauder x2, Marine  
  171  14:51  Marine  
  180  14:53  Marauder  
  182  15:05  Marauder  
  176  15:09  Marauder x3  
  176  15:13  Marine  
  179  15:14  Marauder, Marine x4  
  179  15:15  Marine x3  
  168  15:26  Marauder  
  166  15:30  Marauder x2, Marine  
  166  15:31  Marine  
  167  15:36  Marauder  
  168  15:47  Marauder  
  168  15:48  Marauder  
  171  15:51  Marauder  
  171  15:53  Liberator  
  171  15:55  Marauder, Marine x6  
  171  15:56  Marine x2  
  183  15:57  Marauder  
  179  16:08  Marine  
  179  16:09  Marine  
  179  16:10  Medivac  
  186  16:19  Orbital Command  
  186  16:43  Marine  
  186  16:44  Marauder  
  180  16:53  Missile Turret  
  180  16:54  Missile Turret  
  180  16:56  Missile Turret  
  180  17:08  Marine  
  180  17:09  Marauder, Marine x4  
  180  17:10  Marauder x4, Missile Turret x2, Marine x3  
  180  17:11  Missile Turret  
  198  17:17  Orbital Command, Refinery x2, Missile Turret  
  198  17:18  Orbital Command  
  198  17:26  Marine  
  198  17:27  Marine  
  162  18:08  Marauder x2, Marine x5  
  162  18:09  Marine  
Show
View Real Time Build Order
Export as new Build Order

FloPP Terran 

Build Orders:  

Get SALT Encoding   

  12  0:00  SCV  
  13  0:12  SCV  
  14  0:18  Supply Depot  
  14  0:25  SCV  
  15  0:40  Refinery, SCV  
  16  0:45  Barracks  
  16  0:55  Supply Depot  
  16  0:57  SCV  
  17  1:10  Barracks  
  17  1:16  SCV  
  18  1:28  SCV  
  18  1:32  Reaper  
  20  1:42  Bunker  
  20  1:45  Orbital Command  
  20  2:00  Reaper  
  21  2:05  Refinery  
  22  2:08  Reaper  
  22  2:11  Engineering Bay  
  22  2:13  SCV  
  23  2:19  Supply Depot  
  23  2:29  Barracks  
  23  2:32  Reaper  
  24  2:46  Reaper  
  24  2:47  SCV  
  26  2:53  Missile Turret  
  26  3:00  SCV  
  27  3:07  Barracks Tech Lab  
  27  3:23  Barracks Reactor  
  27  3:25  Barracks Reactor  
  27  3:35  Factory  
  27  3:49  Command Center  
  26  4:02  Marine  
  22  4:03  Marine x2  
  22  4:04  Marine  
  22  4:05  Marauder  
  22  4:06  Combat Shields  
  28  4:10  SCV  
  29  4:19  Factory Reactor  
  29  4:22  Marine x2, SCV  
  32  4:30  Supply Depot  
  32  4:34  SCV  
  32  4:37  Marauder  
  35  4:46  SCV  
  35  4:47  Terran Infantry Weapons Level 1  
  36  4:54  Missile Turret  
  36  4:58  SCV  
  37  5:01  SCV  
  37  5:07  Widow Mine  
  38  5:08  Widow Mine  
  42  5:15  Orbital Command  
  42  5:20  SCV  
  43  5:25  Concussive Shells  
  43  5:32  SCV  
  44  5:36  Supply Depot  
  44  5:40  Refinery  
  44  5:43  Refinery, SCV  
  44  5:44  SCV  
  44  5:45  Marine x2  
  44  5:47  Widow Mine x2  
  52  5:55  Marine, SCV  
  52  5:56  Marauder, Marine, SCV  
  58  6:00  Barracks  
  58  6:05  Starport  
  58  6:07  SCV  
  58  6:08  SCV  
  60  6:14  Supply Depot  
  60  6:15  Widow Mine  
  60  6:17  Marine  
  60  6:18  Marauder, Widow Mine  
  65  6:19  SCV  
  65  6:20  SCV  
  69  6:54  Marine x2  
  69  6:55  Marauder, Marine  
  69  6:56  Marine  
  75  7:12  Marine  
  76  7:16  Marauder  
  78  7:33  Supply Depot  
  78  7:39  Terran Infantry Armor Level 1  
  78  7:42  Barracks Tech Lab, Widow Mine x2, Marine x2  
  78  7:43  Marauder  
  86  7:44  Stimpack  
  86  7:45  Command Center  
  86  7:54  Marine x2, SCV x2  
  86  7:56  Supply Depot  
  90  7:59  Starport Reactor  
  90  8:00  Marine  
  90  8:02  Marine  
  90  8:03  Marine  
  90  8:04  Marauder  
  95  8:06  SCV x2  
  95  8:09  Barracks  
  95  8:10  Barracks  
  95  8:12  Barracks  
  97  8:25  Marauder  
  99  8:36  Marauder, Marine x4  
  105  8:47  Marauder  
  98  8:53  Marine  
  98  8:54  Marine  
  94  8:57  Marauder  
  94  9:01  Medivac x2  
  100  9:05  Barracks Tech Lab  
  100  9:06  Barracks Reactor  
  100  9:08  Marauder  
  102  9:14  Widow Mine x2  
  102  9:17  Orbital Command  
  106  9:19  SCV x2  
  106  9:24  Missile Turret x2  
  108  9:27  Barracks Reactor  
  108  9:31  Medivac, SCV x2  
  110  9:32  Medivac  
  114  9:44  Armory  
  114  9:45  Supply Depot  
  109  10:12  Sensor Tower, Supply Depot  
  109  10:13  Supply Depot  
  109  10:15  SCV  
  109  10:17  SCV x2  
  112  10:24  Medivac x2  
  112  10:27  SCV  
  117  10:29  SCV x2  
  117  10:30  Marine x3  
  117  10:31  Marine x2  
  117  10:32  Starport, Marauder  
  117  10:34  Terran Vehicle And Ship Armor Level 1  
  126  10:39  Terran Infantry Weapons Level 2, SCV  
  127  10:43  Engineering Bay  
  127  10:54  Medivac x2  
  127  10:56  Factory  
  131  10:57  Refinery  
  131  10:58  Refinery  
  131  11:02  Widow Mine x2  
  135  11:16  Starport Tech Lab  
  135  11:18  Terran Infantry Armor Level 2  
  135  11:24  Medivac x2  
  139  11:45  Marauder x2, Marine x4  
  139  11:46  Marauder  
  149  12:03  Supply Depot  
  149  12:05  Supply Depot  
  149  12:07  Supply Depot  
  149  12:10  Supply Depot  
  149  12:24  Marine x2  
  149  12:25  Medivac, Marauder x2  
  149  12:27  Marauder  
  149  12:29  Supply Depot  
  159  12:30  Supply Depot  
  159  12:34  Supply Depot  
  159  12:47  Marine x2  
  159  12:48  Marauder x3, Marine  
  156  12:55  Medivac  
  156  12:56  Medivac x2  
  156  12:58  Marine x5  
  164  13:00  Terran Vehicle And Ship Armor Level 2  
  164  13:02  Terran Infantry Weapons Level 3  
  164  13:05  Marine x2  
  168  13:09  Marauder x3  
  175  13:15  Marine x2  
  175  13:16  Marine  
  178  13:25  Medivac  
  180  13:31  Marauder x3  
  186  13:36  Marine x3  
  186  13:37  Marine x4  
  193  13:52  Marauder x2  
  192  13:59  Marine x3  
  192  14:00  Marauder  
  175  14:13  Marauder, Marine x2  
  175  14:14  Marauder  
  175  14:16  Widow Mine  
  169  14:21  Marauder  
  121  15:23  Marine x4  
  121  15:24  Marauder x3, Marine  
  84  15:44  Marine  
  84  15:45  Marauder x2, Marine  
  84  15:57  Marine x2  
  84  16:02  Marine  
  87  16:09  Marine  
  86  16:31  Marine x4  
  88  16:34  Marauder x2, Marine  
  93  16:46  Medivac  
  91  16:51  Medivac  
  93  16:54  Medivac  
  93  16:58  Orbital Command  
  95  17:14  Marine x2  
  97  17:17  Medivac  
  99  17:23  Medivac  
  99  17:28  SCV  
  99  17:29  SCV  
  103  17:30  SCV  
  103  17:35  Refinery  
  104  17:38  Missile Turret  
  104  17:41  Refinery  
  104  17:45  Medivac  
  104  17:51  Marine  
  107  18:05  Marine x2  
  111  18:06  Marine x7  
  111  18:07  Marine  
  111  18:08  Factory Tech Lab  
  121  18:13  Marine  
Show
View Real Time Build Order
Export as new Build Order

hydro Zerg 

Build Orders: Hatch First 

Get SALT Encoding   

  12  0:02  Drone  
  13  0:12  Overlord  
  13  0:18  Drone  
  14  0:30  Drone x2  
  14  0:35  Drone  
  17  1:00  Hatchery  
  16  1:06  Drone x2  
  18  1:13  Spawning Pool  
  17  1:21  Extractor  
  17  1:23  Drone x2  
  18  1:28  Drone  
  19  1:41  Overlord  
  19  1:49  Drone  
  20  2:02  Drone  
  20  2:08  Extractor  
  22  2:16  Queen  
  22  2:17  Drone x2  
  26  2:23  Drone, Lair  
  26  2:24  Drone  
  26  2:32  Drone  
  26  2:33  Extractor  
  26  2:34  Drone  
  27  2:43  Drone  
  28  2:44  Extractor  
  28  2:45  Drone  
  28  2:54  Drone  
  28  2:55  Queen  
  32  2:58  Drone  
  32  3:05  Overlord  
  32  3:06  Drone  
  33  3:16  Drone  
  33  3:17  Drone  
  35  3:25  Drone x3  
  35  3:26  Drone, Spire  
  38  3:33  Drone  
  39  3:37  Overlord  
  39  3:46  Overlord  
  39  3:47  Drone  
  40  4:02  Drone x4  
  44  4:04  Overlord  
  44  4:22  Overlord  
  44  4:38  Mutalisk x9  
  46  4:41  Spore Crawler  
  61  4:58  Spore Crawler  
  60  5:01  Hatchery  
  60  5:02  Infestation Pit, Mutalisk x2  
  60  5:03  Drone x4  
  66  5:13  Zergling x8  
  66  5:14  Metabolic Boost  
  70  5:30  Mutalisk x2  
  70  5:32  Drone  
  70  5:33  Drone  
  74  5:43  Overlord x2, Mutalisk  
  76  6:02  Drone x2  
  76  6:03  Overlord  
  79  6:04  Drone x2  
  79  6:06  Zergling x4  
  82  6:23  Drone x3, Roach Warren  
  82  6:24  Drone  
  85  6:26  Queen  
  85  6:30  Zergling x4  
  89  6:36  Spine Crawler  
  88  6:42  Spore Crawler  
  87  6:48  Spine Crawler  
  83  6:58  Drone x10  
  83  6:59  Drone x2  
  87  7:12  Drone  
  87  7:14  Drone x2  
  88  7:18  Roach x4  
  88  7:22  Roach x2  
  98  7:28  Overlord  
  98  7:31  Roach x3  
  98  7:32  Glial Reconstitution  
  103  7:37  Roach  
  103  7:40  Overlord  
  103  7:41  Overlord  
  105  7:46  Extractor  
  105  7:47  Extractor  
  105  7:49  Spine Crawler, Spore Crawler  
  105  7:51  Mutalisk x5  
  101  7:52  Overlord x2  
  101  7:55  Roach  
  101  7:56  Overlord x2  
  113  8:12  Roach x2  
  119  8:13  Roach x3  
  111  8:31  Roach x6  
  123  8:36  Roach x2  
  127  8:45  Roach x2  
  127  9:01  Roach x4  
  127  9:02  Roach x3  
  139  9:05  Roach  
  141  9:15  Ravager  
  141  9:16  Ravager x11  
  141  9:17  Overlord x3  
  153  9:23  Overlord x2  
  153  9:34  Queen  
  155  9:42  Evolution Chamber x2  
  153  10:07  Roach x5  
  153  10:08  Roach x3  
  167  10:14  Overlord  
  167  10:16  Hive  
  167  10:19  Hatchery  
  166  10:37  Roach x6  
  166  10:38  Roach x3  
  166  10:39  Ravager x4  
  166  10:40  Ravager  
  189  10:56  Zerg Missile Weapons Level 1  
  189  10:57  Zerg Ground Armor Level 1  
  190  11:04  Drone x5  
  194  11:34  Drone  
  194  11:35  Drone x3  
  198  11:44  Ultralisk Cavern  
  195  12:09  Spore Crawler  
  195  12:12  Drone x2, Spine Crawler, Spore Crawler, Queen  
  196  12:18  Extractor  
  196  12:20  Extractor  
  194  12:49  Chitinous Plating, Nydus Network  
  194  12:51  Zerg Melee Weapons Level 1  
  193  12:54  Zerg Ground Armor Level 2  
  193  13:37  Ultralisk  
  149  13:59  Ultralisk x3  
  149  14:00  Ultralisk x2  
  145  14:22  Ultralisk x2  
  101  14:39  Ultralisk  
  107  15:10  Roach x4  
  107  15:11  Ultralisk  
  85  15:37  Ultralisk x2  
  97  16:00  Ultralisk x2  
  109  16:57  Ultralisk x2  
  121  17:17  Ultralisk  
  121  17:18  Ultralisk  
  121  17:20  Hatchery  
  132  17:34  Ultralisk x2  
Tags
 
Add a new tag
Caveats
  • Supply blocks, unpowered buildings, or Contaminate may cause inaccurate times.
  • Supply counts are checked every 10 seconds.